[Event "Late-Titled-Tuesday-Blitz-June-04-2024"]
[Site "Chess.com"]
[Date "2024.06.04"]
[Round "1"]
[White "Bugcrusher"]
[Black "chessdjw"]
[Result "0-1"]
[WhiteElo "2429"]
[BlackElo "2768"]
[TimeControl "180+1"]
[EndTime "14:07:15 PDT"]
[Termination "chessdjw won by resignation"]

1. d4 Nf6 2. c4 e6 3. Nf3 d5 4. Nc3 c6 5. e3 Nbd7 6. Be2 Bd6 7. O-O O-O 8. a4 dxc4 9. a5 e5 10. Nd2 exd4 11. exd4 h6 12. Nxc4 Bc7 13. Bf3 Rb8 14.
Be3 Re8 15. d5 cxd5 16. Nxd5 Nxd5 17. Qxd5 Ne5 18. Nxe5 Qxd5 19. Bxd5 Rxe5 20. Bf3 Rxa5 21. Rxa5 Bxa5 22. Bxa7 Ra8 23. Bd4 Bb4 24. Rc1 Bd6 25.
g3 Kf8 26. Kg2 Rb8 27. Bc5 Bxc5 28. Rxc5 b6 29. Rc7 Be6 30. b4 g5 31. h4 g4 32.
Be4 Rd8 33. f3 Rd2+ 34. Kg1 gxf3 35. Bxf3 Rb2 36. b5 Rxb5 37. Kf2 Rb3 38. g4 b5 39. g5 hxg5 40. hxg5 b4 41. Rb7 Rxf3+ 0-1

[Event "Late-Titled-Tuesday-Blitz-June-04-2024"]
[Site "Chess.com"]
[Date "2024.06.04"]
[Round "1"]
[White "Shankland"]
[Black "KorolDimitriy75"]
[Result "1-0"]
[WhiteElo "2961"]
[BlackElo "2503"]
[TimeControl "180+1"]
[EndTime "14:07:16 PDT"]
[Termination "Shankland won by resignation"]

1. e4 c5 2. Nf3 d6 3. d4 cxd4 4. Nxd4 Nf6 5. Nc3 g6 6. Be3 Bg7 7. f3 O-O 8. Qd2 Nc6 9. O-O-O d5 10. exd5 Nxd5 11. Nxc6 bxc6 12. Bd4 e5 13. Bc5 Be6 14. Ne4 Rb8 15. h4 f5 16. Ng5 e4 17. b3 Qf6 18.
Bd4 e3 19. Qa5 Qe7 20. Nxe6 Qxe6 21. Bc4 Rbd8 22. Rhe1 Bxd4 23. Rxd4 Qe5 24. Qxa7 Rf7 25. Qc5 f4 26. a4 Kg7 27. a5 Qf6 28. Red1 Nc3 29.
Qg5 Rxd4 30. Qxf6+ Kxf6 31. Rxd4 Re7 32. Rxf4+ Kg7 33.
Kb2 e2 34. Bxe2 Nxe2 35. Rc4 Ng3 36. Rxc6 Nf5 37. b4 Nxh4 38. a6 Nxg2 39. b5 h5 40. b6 h4 41. Rc7 Kf6 42. Rxe7 Kxe7 43. b7 1-0

[Event "Late-Titled-Tuesday-Blitz-June-04-2024"]
[Site "Chess.com"]
[Date "2024.06.04"]
[Round "1"]
[White "MarceloPlaya"]
[Black "yaguigor"]
[Result "1-0"]
[WhiteElo "2352"]
[BlackElo "2621"]
[TimeControl "180+1"]
[EndTime "14:07:16 PDT"]
[Termination "MarceloPlaya won on time"]

1. e4 c5 2. Nf3 Nc6 3. d4 cxd4 4.
Nxd4 Qb6 5. Nb3 Nf6 6. Be3 Qc7 7.
Nc3 e6 8. f3 Bb4 9. Qd2 d5 10. a3 Bxc3 11. Qxc3 dxe4 12. fxe4 O-O 13. Bd3 Ng4 14. Bc5 Rd8 15. O-O-O b6 16. Bg1 Bb7 17.
h3 Qf4+ 18. Kb1 Nge5 19. Bh2 Qg5 20. h4 Qh5 21. g4 Nxg4 22. Be2 f5 23. exf5 exf5 24.
Rhg1 Qxh4 25. Bxg4 fxg4 26. Rxd8+ Rxd8 27. Bg3 Qg5 28. Qc4+ Kh8 29. Qf7 Qe7 30. Qh5 h6 31. Bh4 Qe8 32.
Qxg4 Rd7 33. Re1 Qc8 34. Qg6 Ne7 35. Bxe7 Qc6 36. Qe8+ Kh7 37. Bb4 1-0

[Event "Late-Titled-Tuesday-Blitz-June-04-2024"]
[Site "Chess.com"]
[Date "2024.06.04"]
[Round "1"]
[White "Jospem"]
[Black "HajiyevKanan"]
[Result "1-0"]
[WhiteElo "3041"]
[BlackElo "2511"]
[TimeControl "180+1"]
[EndTime "14:07:20 PDT"]
[Termination "Jospem won on time"]

1. e4 c6 2. d4 d5 3. e5 a6 4. Bd3 c5 5. c3 Nc6 6. Ne2 Bg4 7. f3 Bd7 8. Be3 e6 9. Nd2 Qb6 10. f4 Nh6 11. Rb1 Ng4 12. Bg1 h5 13.
h3 Nh6 14. Nf3 cxd4 15. Nexd4 Nxd4 16. Bxd4 Bc5 17. O-O g6 18. Kh1 Bb5 19. Bxb5+ Qxb5 20. Bxc5 Qxc5 21. Nd4 Nf5 22. Rf3 h4 23. Rd3 Ng3+ 24.
Kh2 Ne4 25. Qe1 Qc7 26. Nf3 Qe7 27. Rd4 b5 28. a4 Kd7 29. Rbd1 Ng3 30. Nxh4 Qxh4 31.
Qxg3 Qxg3+ 32. Kxg3 Rhb8 33. R1d2 Rb6 34. axb5 axb5 35.
Kg4 Rab8 36. Rb4 Rc6 37. Kg5 Ke7 38. g4 Rc4 39. Rd4 Rc5 40. Rb3 Rh8 41. Rdb4 Rb8 42. h4 Rb7 43. Ra3 Rc4 44. Rab3 Rc5 45. h5 gxh5 46. gxh5 Rb8 47. h6 Rg8+ 48. Kh5 Rg1 49.
Rxb5 Rh1+ 50. Kg5 Rg1+ 51. Kh5 Rh1+ 52. Kg4 Rg1+ 53. Kf3 Rxb5 54. Rxb5 Rh1 55. Rb7+ Ke8 56. Rb8+ Kd7 57. Rh8 Ke7 58. h7 Rh4 59. b4 Rh1 60. b5 Kd7 61. b6 Kc6 62. Rc8+ Kxb6 63. h8=Q 1-0

[Event "Late-Titled-Tuesday-Blitz-June-04-2024"]
[Site "Chess.com"]
[Date "2024.06.04"]
[Round "1"]
[White "ChessAdvanceUSA"]
[Black "eljanov"]
[Result "0-1"]
[WhiteElo "2492"]
[BlackElo "2909"]
[TimeControl "180+1"]
[EndTime "14:07:20 PDT"]
[Termination "eljanov won on time"]

1. Nf3 d5 2. c4 d4 3. d3 Nc6 4.
g3 e5 5. Bg2 Bb4+ 6. Bd2 a5 7.
O-O Nf6 8. Bxb4 axb4 9. Nbd2 O-O 10. a3 bxa3 11. Rxa3 Rxa3 12. bxa3 Re8 13. Ng5 Bd7 14. Qb3 h6 15. Nge4 Nxe4 16. Nxe4 b6 17. c5 Na5 18.
Qb4 Bc6 19. cxb6 cxb6 20. Rb1 f5 21. Nd6 Re6 22. Nxf5 Bxg2 23. Kxg2 Rf6 24. Nh4 Qd5+ 25. Nf3 Kh7 26. Qe7 Nc6 27. Qb7 e4 28. dxe4 Qxe4 29. Rxb6 d3 30. Rxc6 Qxc6 31. Qxc6 Rxc6 32. exd3 Rc3 33.
d4 Rxa3 34. h4 Kg6 35. g4 h5 36. Kg3 hxg4 37. Kxg4 Ra2 38. h5+ Kf6 0-1

[Event "Late-Titled-Tuesday-Blitz-June-04-2024"]
[Site "Chess.com"]
[Date "2024.06.04"]
[Round "1"]
[White "BardArtem"]
[Black "Indefatigable11"]
[Result "1-0"]
[WhiteElo "2722"]
[BlackElo "2406"]
[TimeControl "180+1"]
[EndTime "14:07:21 PDT"]
[Termination "BardArtem won by checkmate"]

1. e4 e6 2. d4 d5 3. Nc3 Nf6 4. exd5 exd5 5. Bg5 Be7 6. Qd2 O-O 7. O-O-O Bf5 8. Kb1 Nbd7 9. Re1 Re8 10. Bd3 Bxd3 11. Qxd3 Nf8 12. Nf3 Ne6 13. Bh4 c6 14. Ne5 Ne4 15.
Bxe7 Nxc3+ 16. Qxc3 Qxe7 17. a3 Qf6 18. f3 Qf4 19. Nd3 Qd6 20. Re3 Re7 21. Rhe1 Rae8 22.
f4 Nc7 23. Rxe7 Rxe7 24. Rxe7 Qxe7 25. Qa5 Nb5 26. a4 b6 27. Qb4 Qxb4 28. Nxb4 Nxd4 29.
c3 Ne2 30. Nxc6 Nxf4 31. Nxa7 Nxg2 32. Nc8 f5 33. Nxb6 f4 34. Kc2 f3 35. Kd2 g5 36. a5 Nf4 37. Ke3 Ne6 38. a6 Nc7 39. a7 g4 40. Kf2 h5 41. Nxd5 Na8 42. Nf6+ Kf7 43. Nxh5 Kg6 44. Nf4+ Kf5 45. Nd3 Ke4 46.
Nc5+ Kf4 47. b4 g3+ 48. hxg3+ Kg4 49. Nd3 Nb6 50. Ne5+ Kf5 51. Nxf3 Ke6 52. c4 Kd6 53. c5+ Kc6 54. cxb6 Kb7 55. g4 Ka8 56. g5 Kb7 57. g6 Ka8 58. g7 Kb7 59. g8=Q Ka6 60. a8=Q+ Kb5 61. Qgd5+ Kxb4 62. Qd4+ Kb3 63. Qaa4# 1-0

[Event "Late-Titled-Tuesday-Blitz-June-04-2024"]
[Site "Chess.com"]
[Date "2024.06.04"]
[Round "1"]
[White "dasatcu90"]
[Black "komogro"]
[Result "0-1"]
[WhiteElo "2228"]
[BlackElo "2568"]
[TimeControl "180+1"]
[EndTime "14:07:24 PDT"]
[Termination "komogro won on time"]

1. d4 Nf6 2. Nf3 g6 3. c4 Bg7 4.
Nc3 d6 5. Bg5 O-O 6. e3 c5 7.
Be2 h6 8. Bh4 g5 9. Bg3 Nh5 10.
dxc5 dxc5 11. Qc2 Nxg3 12. hxg3 g4 13. Rd1 Qa5 14. Nd2 Nc6 15. a3 Ne5 16. Nb3 Qb6 17. Nd5 Qd6 18. Nf4 Qc6 19. Nd5 Re8 20. Na5 Qa6 21. b4 cxb4 22. axb4 Be6 23. Nc7 Qb6 24. Nxa8 Qxb4+ 25. Qd2 Qxd2+ 26. Rxd2 Rxa8 27. Nxb7 Rb8 28. Nc5 Bxc4 29. O-O Rc8 30. Ne4 Be6 31. Rfd1 Rc7 0-1

[Event "Late-Titled-Tuesday-Blitz-June-04-2024"]
[Site "Chess.com"]
[Date "2024.06.04"]
[Round "1"]
[White "NovakRatko"]
[Black "Umumba_FM"]
[Result "1-0"]
[WhiteElo "2310"]
[BlackElo "2591"]
[TimeControl "180+1"]
[EndTime "14:07:25 PDT"]
[Termination "NovakRatko won by resignation"]

1. d4 d5 2. c4 Nc6 3. Nc3 dxc4 4. d5 Ne5 5. f4 Ng4 6. e4 e5 7.
Nf3 Bc5 8. Qa4+ Bd7 9. Qxc4 Bf2+ 10. Ke2 Bb6 11. fxe5 Qe7 12. Bf4 h5 13. h3 Nf2 14. Rh2 a6 15. Be3 Bxe3 16. Kxe3 Nxe4 17. Nxe4 Bb5 18. Qc5 O-O-O 19. Bxb5 axb5 20. Qxe7 Nxe7 21. d6 Nd5+ 22. Kf2 Nb4 23. Rhh1 Rhe8 24. Rhd1 c6 25. Nc5 Kb8 26. a3 Nd5 27. Rxd5 cxd5 28. Rd1 g5 29. d7 Re7 30. Rxd5 g4 31. hxg4 hxg4 32. Nd4 Kc7 33.
Nf5 Re6 34. Nxe6+ fxe6 35. Rc5+ Kb6 36. Rc8 Rxd7 37. Ne3 Rd2+ 38. Kg3 Rxb2 39. Nxg4 Rb3+ 40. Kf4 Rxa3 41. Re8 Ra5 42. Rxe6+ Kc5 43. Re8 b4 44.
Rc8+ Kd4 45. Rc1 b3 46. Rb1 Kc3 47. e6 Kc2 48. Rxb3 Kxb3 49. e7 Ra8 50. Nf6 Kc4 51. e8=Q Rxe8 52. Nxe8 b5 53. Nd6+ Kc5 54. Nxb5 Kxb5 55. Kf5 Kc6 56. Kf6 Kd7 57. Kf7 1-0

[Event "Late-Titled-Tuesday-Blitz-June-04-2024"]
[Site "Chess.com"]
[Date "2024.06.04"]
[Round "1"]
[White "nitpicker"]
[Black "KChor05"]
[Result "0-1"]
[WhiteElo "2315"]
[BlackElo "2625"]
[TimeControl "180+1"]
[EndTime "14:07:26 PDT"]
[Termination "KChor05 won by resignation"]

1. d4 Nf6 2. c4 g6 3. Nc3 d5 4.
Qb3 dxc4 5. Qxc4 Bg7 6. e4 O-O 7. Be2 c6 8. Nf3 b5 9. Qb3 Be6 10. Qc2 Na6 11. h3 Nb4 12. Qb1 a5 13. O-O Na6 14.
Be3 a4 15. a3 Bb3 16. Nd2 b4 17. axb4 Nxb4 18. Nxb3 axb3 19. Bc4 Rxa1 20. Qxa1 Nc2 21. Qa4 Nxe3 22. fxe3 Bh6 23. Rf3 e5 24. Bxb3 exd4 25. Qxd4 Bg7 26. e5 Nd7 27. Qd6 Nxe5 28. Qxd8 Nxf3+ 29. gxf3 Rxd8 30. Ba4 c5 31. Ne4 Bxb2 32. Nxc5 Rd2 33. Bb3 Ba3 34. Ne4 Rb2 35. Bd5 Kg7 36. Ng5 Bc5 37. Nxf7 Bxe3+ 38. Kf1 Rh2 39. Be6 Rf2+ 40. Ke1 Rxf3 41. Ke2 Rg3 42. Nd6 Bf4 43. Ne4 Re3+ 44. Kf2 Rxe4 45. Kf3 Rxe6 46. Kxf4 Kf6 0-1

[Event "Late-Titled-Tuesday-Blitz-June-04-2024"]
[Site "Chess.com"]
[Date "2024.06.04"]
[Round "1"]
[White "RichardShtivelband"]
[Black "Nf3c5"]
[Result "0-1"]
[WhiteElo "2293"]
[BlackElo "2604"]
[TimeControl "180+1"]
[EndTime "14:07:27 PDT"]
[Termination "Nf3c5 won on time"]

1. e4 c5 2. Nf3 Nc6 3. d4 cxd4 4. Nxd4 e5 5. Nb5 d6 6. a4 Be6 7. N1c3 a6 8. Na3 Nb4 9. Nc4 Rc8 10. Ne3 Nf6 11.
Be2 Qc7 12. O-O Be7 13. a5 O-O 14. Ra4 d5 15. exd5 Rfd8 16. Bf3 e4 17. Nxe4 Nfxd5 18. Nxd5 Rxd5 19. Bd2 Qd7 20. b3 f5 21. c4 Rd4 22.
Bxb4 Rxd1 23. Rxd1 Qe8 24. Nd6 Bxd6 25. Bxd6 Rd8 26.
Raa1 Qf7 27. Bxb7 Qxb7 28. Rd3 f4 29. f3 Bf5 30. Rd2 Qxb3 31. c5 Qe3+ 32. Rf2 Bd3 33. h4 Bb5 34. Ra2 h5 35. Kh2 Re8 36. Rfd2 Re6 37. Rac2 Bc6 38. Rd1 Rg6 39. Rb2 Bxf3 0-1

[Event "Late-Titled-Tuesday-Blitz-June-04-2024"]
[Site "Chess.com"]
[Date "2024.06.04"]
[Round "1"]
[White "SoCalJuniorChess"]
[Black "betta2004"]
[Result "0-1"]
[WhiteElo "2202"]
[BlackElo "2558"]
[TimeControl "180+1"]
[EndTime "14:07:27 PDT"]
[Termination "betta2004 won on time"]

1. d4 Nf6 2. Nc3 e6 3. Bf4 d5 4. Nb5 Na6 5. e3 Be7 6. Nf3 O-O 7. h3 c5 8. dxc5 Bxc5 9. Bd3 Bd7 10. Nc3 Bb4 11.
Bxa6 Bxc3+ 12. bxc3 bxa6 13. O-O Ne4 14. c4 dxc4 15.
Qd4 Nf6 16. Qxc4 Bb5 17. Qc5 Bxf1 18. Rxf1 Qd5 19. Qa3 Rfc8 20. c3 Ne4 21. Be5 f6 22.
Bh2 Nxc3 23. Qxa6 Qb5 24. Qa3 Ne2+ 25. Kh1 Ng3+ 26. Bxg3 Qxf1+ 27. Kh2 Rc1 28. Bh4 g5 29. Qe7 Qh1+ 30. Kg3 gxh4+ 31. Nxh4 Rc6 32. Qxf6 Qb1 33.
Qg5+ Kf7 34. Qh5+ Ke7 35. Qg5+ Kd7 36. Qg7+ Kd6 37. Qd4+ Kc7 38. Qe5+ Kb7 39. Qg7+ Rc7 40. Qe5 Rg8+ 41. Kh2 Qb6 42. Qe4+ Qc6 43. Qb4+ Ka8 44. Nf3 Rcg7 0-1

[Event "Late-Titled-Tuesday-Blitz-June-04-2024"]
[Site "Chess.com"]
[Date "2024.06.04"]
[Round "1"]
[White "CarlosjPineror"]
[Black "AndresDelgado77"]
[Result "1-0"]
[WhiteElo "2664"]
[BlackElo "2352"]
[TimeControl "180+1"]
[EndTime "14:07:28 PDT"]
[Termination "CarlosjPineror won on time"]

1. e4 e6 2. d4 d5 3. e5 c5 4. c3 Qb6 5. Nf3 Nc6 6. a3 a5 7.
Bd3 Bd7 8. Bc2 a4 9. O-O Nh6 10. Bxa4 Nxe5 11. Bxd7+ Nxd7 12. dxc5 Nxc5 13. b4 Ne4 14.
Qb3 Ng4 15. Qc2 Rc8 16. h3 h5 17. Ra2 Bd6 18. Qd3 Bg3 19. Be3 Nxe3 20. fxe3 g5 21. Rc2 g4 22. Nd4 Qd8 23. Qb5+ Kf8 24. Nxe6+ Kg8 25.
Nxd8 Rxd8 26. Qxb7 Rh7 27. Nd2 Nd6 28. Qxd5 Re8 29.
Qg5+ Rg7 30. Qxh5 gxh3 31. Qxh3 Rxe3 32. Rf3 Re1+ 33. Nf1 Be5 34. Re3 Rxe3 35. Qxe3 f6 36. c4 Nf5 37. Qe4 Nd4 38. Rf2 Rf7 39. Ne3 Ne6 40.
Nd5 Bd4 41. Qxe6 Bxf2+ 42. Kxf2 Kg7 43. Qxf7+ Kxf7 44. b5 Ke6 45. b6 Kd6 46. Kf3 Kc6 47. Kf4 1-0

[Event "Late-Titled-Tuesday-Blitz-June-04-2024"]
[Site "Chess.com"]
[Date "2024.06.04"]
[Round "1"]
[White "egnfanclub"]
[Black "profedechess93"]
[Result "1-0"]
[WhiteElo "2353"]
[BlackElo "2624"]
[TimeControl "180+1"]
[EndTime "14:07:28 PDT"]
[Termination "egnfanclub won on time"]

1. e4 e6 2. d4 d5 3. Nc3 Nf6 4. e5 Nfd7 5. Nf3 c5 6. dxc5 Nc6 7. Bf4 Nxc5 8. Be2 Be7 9. Qd2 O-O 10. O-O-O f5 11.
h4 Ne4 12. Nxe4 fxe4 13. Ng5 Bb4 14. c3 Bc5 15. Nh3 Qa5 16. Kb1 Bd7 17. f3 Be8 18. fxe4 Bg6 19. Bd3 dxe4 20. Bc2 Rac8 21. h5 e3 22. Qe2 Bxc2+ 23. Qxc2 Be7 24. Bxe3 Qxe5 25. Bd4 Qxh5 26. Nf2 Qf5 27. Ne4 Nxd4 28. Rxd4 e5 29. g4 Qg6 30. Rd7 Rf7 31. Rhd1 Qxg4 32. Rxb7 Rcf8 33.
a3 Qe6 34. Qd3 h6 35. Rxa7 Qb3 36. Qd5 Qb8 37. Rxe7 1-0

[Event "Late-Titled-Tuesday-Blitz-June-04-2024"]
[Site "Chess.com"]
[Date "2024.06.04"]
[Round "1"]
[White "Pig-filth"]
[Black "aghasiyevkamal"]
[Result "0-1"]
[WhiteElo "2313"]
[BlackElo "2620"]
[TimeControl "180+1"]
[EndTime "14:07:28 PDT"]
[Termination "aghasiyevkamal won by resignation"]

1. d4 Nf6 2. Bg5 d5 3. Bxf6 gxf6 4. e3 c5 5. Nc3 Nc6 6. Qh5 e6 7.
Bb5 Bd7 8. Nge2 Qb6 9. O-O Be7 10. a4 a6 11. a5 Qc7 12. Bxc6 Bxc6 13. Nf4 Bd7 14.
Nfxd5 exd5 15. Nxd5 Qc6 16. Nb6 Rd8 17. d5 Qc7 18. c4 Qe5 19. Qe2 Rg8 20. Nxd7 Kxd7 21.
f4 Qe4 22. Rf3 Rg6 23. Rg3 f5 24. Rc1 Rdg8 25. Rxg6 fxg6 26. Rc2 Bf6 27. b4 cxb4 28.
c5 b3 29. c6+ Kd6 30. Rd2 Re8 31. cxb7 b2 32. Qxa6+ Ke7 33. Qb6 b1=Q+ 34. Qxb1 Qxb1+ 35.
Kf2 Qxb7 36. d6+ Kd7 37. Rc2 Qa7 38. Rc7+ Qxc7 39. dxc7 Kxc7 40. a6 Kb6 41. g4 Ka7 0-1

[Event "Late-Titled-Tuesday-Blitz-June-04-2024"]
[Site "Chess.com"]
[Date "2024.06.04"]
[Round "1"]
[White "Likvidator228"]
[Black "IngOscarArdila"]
[Result "0-1"]
[WhiteElo "2578"]
[BlackElo "2291"]
[TimeControl "180+1"]
[EndTime "14:07:28 PDT"]
[Termination "IngOscarArdila won by checkmate"]

1. c4 Nf6 2. Nc3 e6 3. g3 Be7 4. Bg2 O-O 5. Nf3 d6 6. O-O Nbd7 7. b3 c6 8. Bb2 Qc7 9. d4 e5 10. e4 Re8 11. Re1 Nf8 12. Qd2 Bg4 13. h3 Bxf3 14. Bxf3 Ne6 15. Ne2 c5 16. dxe5 dxe5 17. Nc3 Nd4 18.
Bg2 Rad8 19. Nd5 Nxd5 20. exd5 Bd6 21. Re3 f5 22. Rae1 Qf7 23. b4 b6 24. bxc5 bxc5 25.
Bc3 h6 26. Rb1 Rb8 27. Ree1 Qf6 28. a4 e4 29. a5 Be5 30. Kh1 Rb3 31. Rxb3 Nxb3 32.
Bxe5 Qxe5 33. Qc2 Nd4 34. Qc3 Rb8 35. g4 g6 36. gxf5 gxf5 37. a6 Rb3 38. Qa5 Qe7 39. Rg1 Kf7 40. Qd2 Qg5 41. Qa5 Qe7 42. Qd2 Qd6 43. Qd1 Rf3 44. Bxf3 Nxf3 45. Rg2 Qxa6 46.
Qc1 Qd6 47. Qa3 Qb6 48. Qc1 Qb3 49. Rg3 Qd3 50. h4 Qe2 51. Qe3 Qf1+ 52. Rg1 Qxg1# 0-1

[Event "Late-Titled-Tuesday-Blitz-June-04-2024"]
[Site "Chess.com"]
[Date "2024.06.04"]
[Round "1"]
[White "sergiochess83"]
[Black "FlemingA"]
[Result "1-0"]
[WhiteElo "2900"]
[BlackElo "2474"]
[TimeControl "180+1"]
[EndTime "14:07:29 PDT"]
[Termination "sergiochess83 won by checkmate"]

1. d4 Nf6 2. c4 d6 3. Nf3 g6 4. Nc3 Bg7 5. e4 O-O 6. Be2 e5 7. Be3 exd4 8. Nxd4 Nc6 9. O-O Re8 10. f3 Bd7 11. Qd2 a6 12. Rfd1 Ne5 13. Bf1 h5 14. Bg5 Nc6 15. Nc2 Be6 16. Qf4 Ne5 17. c5 Qe7 18. cxd6 cxd6 19. Ne3 Ned7 20. Qh4 Qf8 21. Bf4 Ne5 22. Kh1 Rac8 23. Rd2 Nh7 24. Ned5 b5 25.
Rad1 b4 26. Nxb4 Bf6 27. Qf2 g5 28. Be3 Nc4 29. Bxc4 Rxc4 30. Nbd5 Bg7 31. Bd4 f6 32.
Ne3 Rcc8 33. Ncd5 Qf7 34. b3 Nf8 35. Bb2 Ng6 36. Nc4 Red8 37. Nde3 Bf8 38. Nxd6 Bxd6 39. Rxd6 Rxd6 40. Rxd6 Qe7 41. Rd1 Nf4 42. Qd2 Rc7 43. g3 Rd7 44. Qc2 Rxd1+ 45. Qxd1 Qc5 46. Qd8+ Kg7 47.
Qxf6+ Kg8 48. Qg7# 1-0

[Event "Late-Titled-Tuesday-Blitz-June-04-2024"]
[Site "Chess.com"]
[Date "2024.06.04"]
[Round "1"]
[White "CruzWilliam"]
[Black "NMJeevanK"]
[Result "0-1"]
[WhiteElo "2409"]
[BlackElo "2730"]
[TimeControl "180+1"]
[EndTime "14:07:29 PDT"]
[Termination "NMJeevanK won by resignation"]

1. d4 d6 2. c4 g6 3. Nc3 Bg7 4.
e4 e5 5. Be3 Nc6 6. Nge2 exd4 7. Nxd4 Nf6 8. Be2 O-O 9. O-O Re8 10. Nxc6 bxc6 11. Qc2 Qe7 12. b3 Nxe4 13. Nxe4 Bxa1 14. Rxa1 Qxe4 15. Qxe4 Rxe4 16. Bf3 Re7 17. Bxc6 Rb8 18. Bxa7 Rb4 19. Bd4 Bd7 20. Bf6 Re6 21. Bc3 Rxc4 22. Bxd7 Rxc3 23. Bxe6 fxe6 24. g3 Kf7 25. Kg2 Ke7 26.
h4 Kd7 27. b4 Kc6 28. a4 Rb3 29. b5+ Kb6 30. a5+ Ka7 31. Rc1 Rxb5 32. Rxc7+ Rb7 33. Rc6 Rd7 34. a6 e5 35. Kf3 d5 36. Ke3 d4+ 37. Kd3 Rf7 38. Ke2 Rd7 39. h5 gxh5 40. Re6 Rd5 41. Rh6 d3+ 42. Kd2 e4 43. Rxh7+ Kxa6 44. Re7 Rd4 45. Re5 Ra4 46. f3 Ra2+ 47. Kd1 exf3 48.
Rf5 f2 0-1

[Event "Late-Titled-Tuesday-Blitz-June-04-2024"]
[Site "Chess.com"]
[Date "2024.06.04"]
[Round "1"]
[White "CM_rui"]
[Black "malti"]
[Result "0-1"]
[WhiteElo "2521"]
[BlackElo "2122"]
[TimeControl "180+1"]
[EndTime "14:07:29 PDT"]
[Termination "malti won by checkmate"]

1. e4 c5 2. Nf3 Nc6 3. c3 g6 4. d4 cxd4 5. cxd4 d5 6. e5 Bg4 7. Be2 Bg7 8. Nc3 e6 9. O-O Nge7 10.
Bg5 O-O 11. Qd2 Bxf3 12. Bxf3 Qb6 13. Bf6 Nf5 14. Ne2 Ncxd4 15. Bg4 Rac8 16. Rac1 Rc6 17. h4 Rfc8 18. h5 Nxe2+ 19. Bxe2 Qd4 20. Rxc6 Rxc6 21. Qg5 Bxf6 22. Qxf6 Qh4 23. hxg6 hxg6 24. g4 Qxf6 25. exf6 Nd4 26. Bd3 e5 27. g5 Nf3+ 28. Kg2 Nxg5 29. Re1 e4 30. Bb5 Rxf6 31. Rd1 Rd6 32. Kg3 Kg7 33.
Kf4 Ne6+ 34. Ke5 Rb6 35. Rxd5 Nc7 36. a4 Nxd5 37. Kxd5 a6 38. Kc5 Rf6 39. Bd7 Rxf2 40. Kd4 Rxb2 41. Kxe4 f5+ 42. Ke5 Rb4 43. a5 f4 44. Bg4 g5 45. Kf5 Kh6 46. Kf6 Rb5 47. Bf3 Rxa5 48. Bxb7 Ra3 49. Kf5 a5 50. Kg4 Rb3 51.
Bd5 a4 52. Kf5 Rb5 53. Kg4 Rxd5 54. Kf3 Rb5 55. Ke4 Kh5 56. Kf3 Kh4 57. Ke4 Kg4 58. Kd3 Rb6 59. Kc4 f3 60. Kc5 Rb8 61.
Kc6 Rb2 62. Kd7 a3 63. Ke6 a2 64. Kf6 a1=Q 65. Ke5 Qc1 66. Kf6 Rb4 67. Ke5 Qa3 68. Kd6 Qa5 69. Kd7 Rb6 70. Kc8 Qa7 71.
Kd8 Rb8# 0-1

[Event "Late-Titled-Tuesday-Blitz-June-04-2024"]
[Site "Chess.com"]
[Date "2024.06.04"]
[Round "1"]
[White "BerlinDrawer"]
[Black "osielchesslover2011"]
[Result "1-0"]
[WhiteElo "2573"]
[BlackElo "2234"]
[TimeControl "180+1"]
[EndTime "14:07:30 PDT"]
[Termination "BerlinDrawer won on time"]

1. e4 c5 2. Nf3 d6 3. Bb5+ Nd7 4. O-O Nf6 5. Re1 a6 6. Bf1 e6 7. c3 Be7 8. d4 O-O 9. a4 Qc7 10. h3 b6 11. d5 exd5 12. exd5 Ne5 13. c4 Ng6 14.
Nc3 Bd7 15. Qc2 Rfe8 16. Bd3 Bf8 17. Bg5 Nh5 18. Qd2 h6 19. Be3 Ne5 20. Nxe5 dxe5 21. Qc2 Nf4 22. Bh7+ Kh8 23. Bxf4 exf4 24. Bf5 f3 25.
Bxd7 Qxd7 26. g4 h5 27. Qf5 Qxf5 28. gxf5 Bd6 29. Ne4 Bf4 30. a5 bxa5 31. Nxc5 Rxe1+ 32. Rxe1 Rc8 33. Nd3 Rxc4 34. Nxf4 Rxf4 35. Rd1 Rb4 36.
d6 Rb8 37. h4 Kg8 38. f6 gxf6 39. Kh2 Rd8 40. Kg3 f5 41. Kxf3 Kg7 42. Kf4 Kf6 43. d7 1-0

[Event "Late-Titled-Tuesday-Blitz-June-04-2024"]
[Site "Chess.com"]
[Date "2024.06.04"]
[Round "1"]
[White "The_Straightforward_Rook"]
[Black "MikeSailer"]
[Result "1-0"]
[WhiteElo "2542"]
[BlackElo "2129"]
[TimeControl "180+1"]
[EndTime "14:07:30 PDT"]
[Termination "The_Straightforward_Rook won on time"]

1. d4 d5 2. Nf3 Nf6 3. c4 c6 4. Nc3 a6 5. Bf4 b5 6. cxd5 cxd5 7. e3 Bg4 8. h3 Bxf3 9. Qxf3 e6 10. Bd3 Bd6 11. Bg5 Nbd7 12. O-O O-O 13. e4 dxe4 14. Nxe4 Be7 15. Rad1 Nxe4 16. Qxe4 g6 17. Bh6 Re8 18. Bb1 Nf6 19. Qe5 Qd6 20. a3 Rac8 21. Bf4 Qxe5 22.
dxe5 Nd5 23. Bd2 Bc5 24. Be4 Red8 25. Ba5 Rd7 26. Bxd5 Rxd5 27. Rxd5 exd5 28. Rd1 d4 29. Kf1 Re8 30. f4 g5 31. g3 h5 32. Kg2 h4 33.
fxg5 Rxe5 34. gxh4 Re2+ 35. Kf3 Rxb2 36. h5 Rb3+ 37. Kg4 Rxa3 38. Bd8 Ra2 39. Bf6 Re2 40.
h6 Re8 41. h4 a5 42. h5 Kh7 43. Kf5 Rg8 44. Bxd4 Bxd4 45. Rxd4 b4 46. Rd7 Rf8 47.
g6+ Kxh6 48. Rxf7 1-0

[Event "Late-Titled-Tuesday-Blitz-June-04-2024"]
[Site "Chess.com"]
[Date "2024.06.04"]
[Round "1"]
[White "janhelmer03"]
[Black "Meri-Arabidze"]
[Result "0-1"]
[WhiteElo "2381"]
[BlackElo "2700"]
[TimeControl "180+1"]
[EndTime "14:07:32 PDT"]
[Termination "Meri-Arabidze won by checkmate"]

1. Nf3 d5 2. e3 Nf6 3. c4 e6 4. Nc3 c5 5. cxd5 exd5 6. d4 Nc6 7. Be2 Bd6 8. dxc5 Bxc5 9. O-O O-O 10.
b3 a6 11. Bb2 Re8 12. Rc1 Ba7 13. Na4 Qd6 14. h3 Bf5 15. Nd4 Bb8 16. f4 Be4 17. Nxc6 bxc6 18. Bd4 Nd7 19. Qe1 Ba7 20. Bxa7 Rxa7 21.
Qc3 Qg6 22. Rf2 Qg3 23. Nc5 Nxc5 24. Qxc5 Rae7 25. Bf3 Bf5 26. Qxc6 Rxe3 27. Qxd5 Bxh3 28. Kf1 Bg4 29. Qg5 Qh2 30. Rfc2 Rxf3+ 31. gxf3 Qh1+ 32. Kf2 Qxf3+ 33. Kg1 Qg3+ 34. Rg2 Qe3+ 35. Kh2 Qxc1 36. Qxg4 g6 37. f5 Qc7+ 38. Kh3 Qe5 39. Kh4 Qf6+ 40. Kh3 Re3+ 41. Kh2 Qe5+ 42. Kh1 Re1+ 43. Rg1 Re2 44. Rg2 Re4 45. Qf3 Rh4+ 46. Kg1 Qe1+ 47. Qf1 Rh1+ 48. Kxh1 Qxf1+ 49. Rg1 Qh3# 0-1

[Event "Late-Titled-Tuesday-Blitz-June-04-2024"]
[Site "Chess.com"]
[Date "2024.06.04"]
[Round "1"]
[White "sokidze"]
[Black "ACollins05"]
[Result "1-0"]
[WhiteElo "2808"]
[BlackElo "2448"]
[TimeControl "180+1"]
[EndTime "14:07:33 PDT"]
[Termination "sokidze won by resignation"]

1. d4 b5 2. e4 a6 3. Nf3 Bb7 4. Bd3 e6 5. O-O c5 6. c3 Nf6 7. Qe2 d6 8. a4 c4 9. Bc2 Nbd7 10.
Na3 Be7 11. Bg5 Qb6 12. e5 dxe5 13. dxe5 Nd5 14. Bxe7 Nxe7 15. axb5 axb5 16. Nd4 Ra5 17. b4 cxb3 18. Nxb3 Ra8 19. Nxb5 O-O 20. N3d4 Ng6 21. Rxa8 Rxa8 22. Nd6 Bd5 23. Bxg6 hxg6 24. h4 Ra2 25. Qe3 Ra3 26. Qf4 f6 27. exf6 Nxf6 28. c4 Ra4 29. Rc1 Ba8 30. Qe5 Qc7 31. Nxe6 Qe7 32. Re1 Ra6 33.
c5 Bd5 34. f3 Rc6 35. Nf4 Qxe5 36. Rxe5 Rxc5 37. Nxg6 Rc1+ 38. Kh2 Rc2 39. Ne7+ Kf8 40. Nxd5 Nxd5 41. Rxd5 1-0

[Event "Late-Titled-Tuesday-Blitz-June-04-2024"]
[Site "Chess.com"]
[Date "2024.06.04"]
[Round "1"]
[White "JSPrepz"]
[Black "1g60-1"]
[Result "1-0"]
[WhiteElo "2830"]
[BlackElo "2461"]
[TimeControl "180+1"]
[EndTime "14:07:34 PDT"]
[Termination "JSPrepz won by resignation"]

1. e4 e6 2. d4 d5 3. Nc3 Bb4 4. Ne2 dxe4 5. a3 Bxc3+ 6. Nxc3 Nf6 7. Bg5 h6 8. Bxf6 Qxf6 9. Nxe4 Qe7 10. Qd2 O-O 11.
O-O-O b6 12. Be2 Nd7 13. Bf3 Ba6 14. Rhe1 Rad8 15. Qf4 e5 16. Qf5 exd4 17. Rxd4 Ne5 18. Rxd8 Rxd8 19. Bd1 Bc8 20. Qf4 f5 21. Nc5 Qxc5 22.
Rxe5 Qd6 23. Be2 g5 24. Qe3 Kf8 25. Bd3 f4 26. Qe2 Bd7 27. Kb1 Re8 28. Rxe8+ Bxe8 29. Qe4 Bf7 30. Qf5 Qd5 31. Qc8+ Kg7 32. Qxc7 Qxg2 33.
Qe5+ Kg8 34. Qb8+ Kg7 35. Qe5+ Kg8 36. b3 Qg1+ 37. Kb2 Qxf2 38. h3 Qc5 39. Qb8+ Kg7 40. Qxa7 Qd4+ 41. Ka2 Kf6 42. Qb8 Qc3 43. Qh8+ 1-0